 Dungeon Crawl Stone Soup version 0.27-a0-1196-g3e9cee4cb2 (webtiles) character file.

Game seed: 6944628945804327117

4 gfdjw the Digger (level 1, 0/10 HPs)
             Began as a Gargoyle Earth Elementalist on May 28, 2021.
             Slain by a bat (1 damage)
             ... on level 2 of the Dungeon.
             The game lasted 00:01:07 (179 turns).

gfdjw the Digger (Gargoyle Earth Elementalist)       Turns: 179, Time: 00:01:07

Health: 0/10       AC:  4    Str: 11    XL:     1   Next: 60%
Magic:  2/3        EV: 11    Int: 15    God:
Gold:   1          SH:  0    Dex: 10    Spells: 3/4 levels left

rFire    . . .     SeeInvis .   (no weapon)
rCold    . . .     Faith    .   (no shield)
rNeg     + . .     Spirit   .   c - +0 robe
rPois    ∞         Reflect  .   (no helmet)
rElec    +         Harm     .   (no cloak)
rCorr    .         Rampage  .   (no gloves)
Will     .....                  (no boots)
Stlth    ++........             (no amulet)
HPRegen  0.03/turn              (no ring)
MPRegen  0.08/turn              (no ring)

@: weak-willed
A: sickness immunity, AC +2, negative energy resistance 1, electricity
resistance, torment resistance 1, petrification resistance
a: no special abilities


You were on level 2 of the Dungeon.
You visited 1 branch of the dungeon, and saw 2 of its levels.

You collected 1 gold pieces.

Inventory:

Missiles
 b - 24 stones
Armour
 c - a +0 robe (worn)


   Skills:
 - Level 1.5 Dodging
 - Level 2.1 Stealth
 + Level 2.1 Spellcasting
 - Level 0.7 Transmutations
 + Level 3.8 Earth Magic


You had 3 spell levels left.
You knew the following spells:

 Your Spells              Type           Power      Damage    Failure   Level
a - Sandblast             Erth           26%        2d8       4%          1

Your spell library contained the following spells:

 Spells                   Type           Power      Damage    Failure   Level
 Passwall                 Tmut/Erth      6%         N/A       13%         2
 Stone Arrow              Conj/Erth      14%        3d7       30%         3
 Petrify                  Tmut/Erth      8%         N/A       65%         4
 Lee's Rapid Deconstruct  Erth           6%         3d7*      77%         5


Dungeon Overview and Level Annotations

Branches:
Dungeon (2/15)

Altars:

Shops:
D:2 (


Innate Abilities, Weirdness & Mutations

You are immune to sickness and miasma.
Your stone body is resilient. (AC +2)
You are immune to poison.
You resist negative energy. (rN+)
You are resistant to electric shocks. (rElec)
You are resistant to unholy torment.
You are immune to petrification.


Message History

A hobgoblin comes into view.
Found Ynui's Weapon Boutique.
The bat closely misses you. The bat hits you but does no damage.
The bat hits you but does no damage. The bat hits you but does no damage.
The giant cockroach waves its antennae.
There is an entrance to Ynui's Weapon Boutique here.
Unknown command.
You open the door.
The hobgoblin shouts!
The bat hits you.
* * * LOW HITPOINT WARNING * * *
The giant cockroach bites you.
* * * LOW HITPOINT WARNING * * *
There is an open door here.
The bat barely misses you. The bat closely misses you.
Found a scroll labelled REOCWOUDD.
You aren't carrying any potions.
Unknown command.
Unknown command.
As you read the scroll labelled TISHAR UJUCAWN, it crumbles to dust.
Magic quickly surges around you.
It was a scroll of vulnerability.
The bat barely misses you. The bat hits you but does no damage.
As you read the scroll labelled REOCWOUDD, it crumbles to dust.
It is a scroll of identify.
You don't have any unidentified items.
The bat hits you but does no damage. The bat misses you.
A quokka comes into view.
Unknown command.
Unknown command.
The bat hits you but does no damage. The bat hits you but does no damage.
The quokka completely misses you. The bat hits you but does no damage.
The bat hits you but does no damage. The quokka barely misses you.
You see here a scroll of identify.
The bat hits you but does no damage. The bat hits you.
You die...

.#.#.#.#.#...g..#
###.#.#.####.#.#
# #.#.###...K##
#.....g.#
........J#
#.#.#..#..# #
#.#..#r?####...
........b....#
#.##.##@###### #.
#. #.# # . ..# ##
####


You could see an endoplasm (weak-willed), a quokka, a hobgoblin (weak-willed), a
bat (weak-willed) and a kobold (weak-willed).

Vanquished Creatures
  A bat (D:1)
  2 jackals (D:1)
3 creatures vanquished.

Notes
Turn   | Place    | Note
-------+----------+-------------------------------------------
     0 | D:1      | gfdjw the Gargoyle Earth Elementalist began the quest for
                  | the Orb.
     0 | D:1      | Reached XP level 1. HP: 10/10 MP: 3/3
   160 | D:2      | Found Ynui's Weapon Boutique.
   179 | D:2      | Slain by a bat

Illustrated notes

Levels and vault maps discovered:
D:1:      moated_graveyard_arrival, layout_basic, serial_shops, shop,
          basic_ecumenical_altar, minivault_4, minmay_pentomino_t4
D:2:      cheibrodos_helix_gallery, layout_loops_corners, serial_shops, shop,
          shop, shop, st_stairs_9, serial_bayou_pond_c

Action                   || total
-------------------------++-------
Melee: Unarmed           ||    15
 Cast: Sandblast         ||     6
  Use: Scroll            ||     2
Armor: Robe              ||    19
Dodge: Dodged            ||    32

Table legend: (Time is in decaauts)
 A = Elapsed time spent in this place.
 B = Non-inter-level travel time spent in this place.
 C = Inter-level travel time spent in this place.
 D = Time resting spent in this place.
 E = Time spent auto-exploring this place.
 F = Levels seen in this place.
 G = Mean time per level.
                   A        B        C        D        E       F      G
               +--------+--------+--------+--------+--------+-----+--------+
         Total |    178 |    178 |      0 |      0 |     98 |   2 |   89.0 |
       Dungeon |    178 |    178 |      0 |      0 |     98 |   2 |   89.0 |
               +--------+--------+--------+--------+--------+-----+--------+

Top non-repeatable levels by time:
     D:1: 158 daAuts
     D:2: 20 daAuts
